 Dungeon Crawl Stone Soup version 0.21.1-1-g345015f (webtiles) character file.

109 Kagorn the Skirmisher (level 4, -8/29 HPs)
             Began as a Gargoyle Fighter on July 22, 2018.
             Killed by divine providence
             ... invoked by an orc priest
              (15 damage)
             ... on level 3 of the Dungeon.
             The game lasted 00:09:36 (1706 turns).

Kagorn the Skirmisher (Gargoyle Fighter)            Turns: 1706, Time: 00:09:37

Health: -8/29      AC: 15    Str: 19      XL:     4   Next: 89%
Magic:  4/4        EV:  3    Int:  8 (9)  God:
Gold:   209        SH:  9    Dex:  8 (10) Spells: 3/3 levels left

rFire    . . .     SeeInvis .   b - +1 flail (drain)
rCold    . . .     Gourm    .   c - +0 shield
rNeg     + . .     Faith    .   m - +0 plate armour
rPois    ∞         Spirit   .   (no helmet)
rElec    +         Reflect  .   (no cloak)
rCorr    .         Harm     .   (no gloves)
MR       .....                  (no boots)
Stlth    ..........             (no amulet)
HPRegen  0.09/turn              (no ring)
MPRegen  0.09/turn              (no ring)

@: no status effects
A: negative energy resistance 1, electricity resistance, unbreathing,
petrification resistance, rot immunity, AC +3
a: no special abilities


You were on level 3 of the Dungeon.
You were not hungry.

You visited 1 branch of the dungeon, and saw 3 of its levels.

You collected 209 gold pieces.

Inventory:

Hand Weapons
 a - a +1 long sword
 b - a +1 flail of draining (weapon)
Missiles
 h - 77 stones (quivered)
Armour
 c - a +0 shield (worn)
 m - a +0 plate armour (worn)
Wands
 q - a wand of flame (30)
Scrolls
 g - a scroll of magic mapping {unknown}
 k - a scroll of remove curse
 n - 4 scrolls of identify
Potions
 d - 2 potions of might
 e - a potion of curing {unknown}
 j - a potion of ambrosia
 p - 2 potions of flight
Comestibles
 f - 6 rations


   Skills:
 * Level 4.2 Fighting
 + Level 2.5 Long Blades
 * Level 0.6 Maces & Flails
 + Level 3.6 Armour
 + Level 1.0 Dodging
 + Level 1.3 Stealth
 + Level 3.7 Shields


You had 3 spell levels left.
You didn't know any spells.

Dungeon Overview and Level Annotations

Branches:
Dungeon (3/15)

Altars:
Nemelex Xobeh
Zin


Innate Abilities, Weirdness & Mutations

You are resistant to torment.
Your stone body is resilient. (AC +3)
You are immune to poison.
You resist negative energy. (rN+)
You are resistant to electric shocks. (rElec)
You can survive without breathing.
You are immune to petrification.
You are immune to rotting.


Message History

You closely miss the orc. The orc hits you but does no damage.
The orc hits you with a mace. The orc hits you but does no damage.
You closely miss the orc. The orc hits you but does no damage.
The orc priest invokes the aid of Beogh against you.
Beogh smites you! The orc hits you but does no damage. x2
The orc hits you but does no damage. You block the orc priest's attack.
The orc hits you but does no damage.
You closely miss the orc priest.
The orc priest invokes the aid of Beogh against you.
Beogh smites you!
* * * LOW HITPOINT WARNING * * *
You block the orc's attack. The orc hits you but does no damage.
The orc barely misses you.
The orc priest hits you but does no damage.
Your shield and plate armour prevent you from hitting the orc priest.
The orc hits you but does no damage. x3
The orc priest invokes the aid of Beogh against you.
Beogh smites you!
Ouch! That really hurt!
You die...

#.# ##. #.# ##
...... . . ###.....
. .. ....#.# .#.##
#..#.##[....
####...o...#.##
......o@o......
##.##.o.##.#.#.
#.##.?.##.#
#.##......#. #
####.##......... .
.............#.#
#######.##.####.# #
.........†........
###.###...........#


You could see an orc priest and 3 orcs.

Vanquished Creatures
  4 adders (D:2)
  5 worms
  A leopard gecko (D:2)
  3 orcs (D:3)
  6 bats
  12 goblins
  6 hobgoblins
  6 kobolds
  2 quokkas (D:2)
  3 frilled lizards
  6 rats
54 creatures vanquished.

Notes
Turn   | Place    | Note
-------+----------+-------------------------------------------
     0 | D:1      | Kagorn the Gargoyle Fighter began the quest for the Orb.
     0 | D:1      | Reached XP level 1. HP: 14/14 MP: 1/1
   162 | D:1      | Reached XP level 2. HP: 19/19 MP: 2/2
   538 | D:2      | Reached XP level 3. HP: 16/24 MP: 3/3
   667 | D:2      | Reached skill level 4 in Fighting
   667 | D:2      | Reached skill level 1 in Stealth
   667 | D:2      | Reached XP level 4. HP: 20/29 MP: 4/4
   817 | D:2      | Found a sparkling altar of Nemelex Xobeh.
  1338 | D:3      | Reached skill level 1 in Dodging
  1600 | D:3      | Found a glowing silver altar of Zin.
  1706 | D:3      | Killed from afar by an orc priest

Skill      XL: |  1  2  3  4 |
---------------+-------------+-----
Long Blades    | 2 |  2.5
Fighting       | 4 |  4.2
Stealth        | 1 |  1.3
Dodging        | 1 |  1.0
Maces & Flails | |  0.6
Armour         | |  3.6
Shields        | |  3.7

Action                   |  1- 3 |  4- 6 || total
-------------------------+-------+-------++-------
Melee: Long sword        |   122 |    73 ||   195
       Flail             |       |    50 ||    50
  Use: Scroll            |       |     7 ||     7
       Potion            |       |     2 ||     2
  Eat: Ration            |       |     1 ||     1
       Chunk             |       |     1 ||     1
Armor: Chain mail        |    17 |       ||    17
       Plate armour      |    85 |   142 ||   227
Dodge: Dodged            |    31 |    24 ||    55
Block: Shield            |    82 |    89 ||   171
       Rpst.: Long sword |    12 |     6 ||    18
